 Dungeon Crawl Stone Soup version 0.32-a0-450-g080537f31e (webtiles) character file.

Game seed: 11022386539015029454

174890 jasper the Executioner (level 17, -1/163 HPs)
             Began as a Mountain Dwarf Fighter on Feb 23, 2024.
             Was an Initiate of Gozag.
             Slain by a naga warrior
             ... wielding a +0 long sword
              (37 damage)
             ... on level 4 of the Snake Pit.
             The game lasted 00:52:49 (31652 turns).

jasper the Executioner (Mountain Dwarf Fighter)    Turns: 31652, Time: 00:52:49

Health: -1/163     AC: 40    Str: 32    XL:     17   Next: 46%
Magic:  17/17      EV:  8    Int: 13    God:    Gozag
Gold:   1952       SH:  0    Dex: 12    Spells: 16/16 levels left

rFire   + . .        H - +4 executioner's axe (flame)
rCold   . . .        (shield currently unavailable)
rNeg    . . .        Y - +7 plate armour of Ukaes {Will+ Int+3}
rPois   +            j - +2 helmet {SInv}
rElec   +            N - +2 cloak
rCorr   .            B - +3 pair of gloves of Inevitability {Dex+3}
SInv    +            W - +1 pair of boots {rampage}
Will    ++...        g - amulet of regeneration Stlth
                     y - ring of poison resistance
HPRegen 1.27/turn    n - ring of Errioc {rElec rF+ Str+6}
MPRegen 0.15/turn

%: rampage
@: lethally poisoned (-1 -> -2), gold aura, slowed, constricted, very slow
A: runic magic, artefact enchanting
a: Renounce Religion, Potion Petition, Call Merchant, Bribe Branch


You were on level 4 of the Snake Pit.
You worshipped Gozag.
Gozag was most pleased with you.
You visited 5 branches of the dungeon, and saw 27 of its levels.
You also visited: Sewer, Bailey and Volcano.

You collected 10698 gold pieces.
You spent 5620 gold pieces at shops.
You paid 3126 gold pieces to Gozag.

Inventory:

Hand Weapons
 H - a +4 executioner's axe of flaming (weapon)
Missiles
 p - 4 curare-tipped darts
 q - 51 poisoned darts (quivered)
 L - 9 javelins
 P - 12 throwing nets
Armour
 j - a +2 helmet of see invisible (worn)
 B - the +3 pair of gloves of Inevitability (worn) {Dex+3}
   (You bought it in a shop on level 1 of the Depths)

   Dex+3:     It affects your dexterity (+3).
 N - a +2 cloak (worn)
 W - a +1 pair of boots of rampaging (worn)
 Y - the +7 plate armour of Ukaes (worn) {Will+ Int+3}
   (You bought it in a shop on level 1 of the Depths)

   Int+3:     It affects your intelligence (+3).
   Will+:     It increases your willpower.
Jewellery
 e - a +4 ring of slaying
 f - a ring of willpower
 g - an amulet of regeneration (around neck)
 n - the ring of Errioc (right hand) {rElec rF+ Str+6}
   (You bought it in a shop on level 1 of the Depths)

   [ring of strength]

   Str+6:     It affects your strength (+6).
   rF+:       It protects you from fire.
   rElec:     It insulates you from electricity.
 x - a ring of flight
 y - a ring of poison resistance (left hand)
 F - a ring of see invisible
 V - a ring of resist corrosion
Wands
 b - a wand of polymorph (8)
 d - a wand of acid (34)
 D - a wand of digging (15)
 K - a wand of flame (9)
 M - a wand of paralysis (22)
 O - a wand of iceblast (12)
 T - a wand of mindburst (6)
Scrolls
 c - 2 scrolls of silence
 l - 8 scrolls of fog
 o - 3 scrolls of blinking
 t - 13 scrolls of identify
 u - 2 scrolls of fear
 v - 11 scrolls of noise
 G - a scroll of revelation
 I - 10 scrolls of teleportation
 J - 8 scrolls of vulnerability
 Q - 4 scrolls of poison
 R - a scroll of immolation
 U - 2 scrolls of torment
 X - 3 scrolls of brand weapon
Potions
 a - 3 potions of resistance
 h - 6 potions of brilliance
 i - 7 potions of heal wounds
 k - 10 potions of curing
 m - 3 potions of lignification
 r - 6 potions of mutation
 w - 5 potions of attraction
 z - 3 potions of cancellation
 A - 3 potions of ambrosia
 C - 2 potions of might
 S - 3 potions of enlightenment
 Z - 3 potions of haste
Miscellaneous
 s - a condenser vane


   Skills:
 + Level 17.8 Fighting
 - Level 24.0 Axes
 + Level 17.8 Armour
 + Level 6.9 Dodging
 - Level 3.2 Shields
 - Level 5.0 Evocations


You had 16 spell levels left.
You didn't know any spells.
Your spell library contained the following spells:

 Spells                   Type           Power      Damage    Failure   Level
 Magic Dart               Conj           0%         1d3       41%         1
 Necrotise                Necr           0%         1d4       41%         1
 Slow                     Hex            0%         N/A       41%         1
 Searing Ray              Conj           0%         2d4       54%         2
 Static Discharge         Conj/Air       0%         3-3/arc   54%         2
 Confusing Touch          Hex            0%         N/A       78%         3
 Gell's Gravitas          Tloc           0%         N/A       78%         3
 Sigil of Binding         Hex            0%         N/A       78%         3
 Summon Ice Beast         Ice/Summ       0%         N/A       78%         3
 Teleport Other           Tloc           0%         N/A       78%         3
 Vampiric Draining        Necr           0%         2d6       78%         3
 Volatile Blastmotes      Fire/Tloc      0%         2d10      78%         3
 Airstrike                Air            0%         2d(0-16)  99%         4
 Fulminant Prism          Conj/Alch      0%         3d5       99%         4
 Iskenderun's Mystic Bla  Conj/Tloc      0%         2d3       99%         4
 Martyr's Knell           Necr/Summ      0%         N/A       99%         4
 Summon Lightning Spire   Summ/Air       0%         N/A       99%         4
 Vhi's Electric Charge    Tloc/Air       0%         N/A       99%         4
 Arcjolt                  Conj/Air       0%         1d10      100%        5
 Curse of Agony           Necr           0%         N/A       100%        5
 Summon Mana Viper        Hex/Summ       0%         N/A       100%        5
 Dispersal                Tloc           0%         N/A       100%        6
 Plasma Beam              Fire/Air       0%         2x1d10    100%        6
 Monstrous Menagerie      Summ           0%         N/A       100%        7


Dungeon Overview and Level Annotations

Branches:
Dungeon (15/15)            Temple (0/1) D:6            Lair (5/5) D:11
 Shoals (0/4) Lair:3        Snake (4/4) Lair:3        Slime (0/5) Lair:5
    Orc (2/2) D:12            Elf (0/3) Orc:2        Vaults (0/5) D:14
 Depths (1/4) D:15          Sewer (visited)          Bailey (visited)
Volcano (visited)

Altars:
Cheibriados
Elyvilon
Gozag
Makhleb
Qazlal
The Shining One
Beogh
Jiyva

Shops:
Orc:2 *(**=   Snake:1 :   Snake:2 *   Snake:4 *   Depths:1 [=[[

Annotations:
D:4 exclusion: downstairs
D:5 1 runed translucent door, Pooter's ghost, amateur MiFi
D:12 3 runed translucent doors
Snake:3 2 transporters, exclusions: downstairs and orange crystal statue


Innate Abilities, Weirdness & Mutations

Your spellcasting is much less encumbered by armour.
You can use scrolls of enchantment on lesser artefacts.


Message History

The salamander mystic points at you and mumbles some strange words.
The bolt of magma misses you.
The bolt of magma hits the salamander!
The salamander partially resists.
The naga warrior spits poison at you. The splash of poison hits you.
You resist. The anaconda barely misses you. The anaconda constricts you.
The salamander hits you with a +0 halberd.
You are engulfed in flames.
You resist.
You take 20 damage, and have 52/163 hp.
You slice the salamander!!
The salamander is almost dead.
You slash the naga warrior! You burn the naga warrior. You slice the anaconda!!
You burn the anaconda. You slice the salamander mystic!!
You feel sick.
The anaconda bites you but does no damage.
The anaconda constricts you.
The anaconda bites you but does no damage.
The anaconda constricts you.
The salamander mystic hits you but does no damage.
The naga warrior hits you with a +0 long sword!
* * * LOW HITPOINT WARNING * * *
The naga sharpshooter mumbles some strange words.
The naga sharpshooter magically shoots an arrow.
The arrow hits you.
* * * LOW HITPOINT WARNING * * *
The salamander closely misses you.
The anaconda bites you but does no damage.
The anaconda constricts you.
* * * LOW HITPOINT WARNING * * *
You take 16 damage, and have 36/163 hp.
You cut the salamander into ribbons!!!
You kill the salamander!
You barely miss the naga warrior. You barely miss the anaconda.
You slice the salamander mystic!!
You kill the salamander mystic!
You feel sick.
The anaconda bites you but does no damage.
The anaconda constricts you.
The naga warrior hits you with a +0 long sword!!!
You die...
Your body crumbles into a pile of gold.

.......# #....[).).#.#.#'
'####### #..).)[$).#.#...
)#########
##...$..$..#.####
.........#
#....$$$.........
......)..#
#.####.#####.####
.........#
#.#..$$$.......##
.#######...#
#.#..$........... .#
###.######N...##.#.##..#..
.#
#....NS@$...##.#.##.....
##
####''##S....#.#..#..#..
#.N. ##...)#.#.....#..
#.... ####.#....##.#..
#.N.## #.#######.#.. #...#
#....^..#.... ...#
#######.#.... .N# #.#.#..
#.#.#..


You could see a naga warrior (strong, catching breath), 2 naga sharpshooters, an
anaconda (fast), a guardian serpent and a naga (strong).

Vanquished Creatures
  Vashnia (Snake:4)
  Asterion (Snake:4)
  Kirke (Lair:3)
  Gastronok (Lair:3)
  Roxanne (Snake:2)
  A nagaraja (Snake:4)
  2 frost giants (D:15)
  Louise (Snake:4)
  An ironbound thunderhulk (D:14)
  An orc warlord (Orc:1)
  A very ugly thing (D:15)
  A stone giant (Depths:1)
  Nessos (D:15)
  A dire elephant (Lair:5)
  An ettin (Depths:1)
  The ghost of Nowup the Martial Artist, a journeyman GnSh of Wu Jian (Lair:2)
  A fire dragon (D:15)
  Josephine (Lair:4)
  A rakshasa (D:15)
  A great orb of eyes (D:15)
  2 ogre magi
  A vault guard (D:14)
  A hydra (D:14)
  A catoblepas (Lair:5)
  13 centaur warriors
  A salamander tyrant (Snake:4)
  9 anacondas
  10 two-headed ogres
  A spriggan air mage (Depths:1)
  A deep troll shaman (Lair:5)
  6 boulder beetles
  15 naga warriors
  A tengu warrior (D:13)
  15 death yaks
  8 shock serpents
  7 naga sharpshooters
  A hell knight (Volcano)
  2 salamander mystics
  Amaemon (Lair:3)
  2 skysharks
  3 skeletal warriors (D:11)
  4 mana vipers
  7 naga ritualists
  4 deep elf pyromancers
  3 orc sorcerers
  7 orc knights
  21 ugly things
  5 manticores
  An oklob plant (Lair:4)
  6 salamanders (Snake:4)
  3 cyclopes
  12 elephants
  32 black mambas
  7 guardian serpents
  6 kobold blastminers
  A molten gargoyle (Volcano)
  A gargoyle (D:11)
  16 naga magi
  An orange demon (Lair:3)
  9 cane toads
  An unseen horror (D:11)
  7 komodo dragons
  A freezing wraith (D:15)
  2 rime drakes
  2 efreet
  4 tengu conjurers
  4 trolls
  19 blink frogs
  3 polar bears
  A hornet (D:7)
  5 slime creatures (D:15)
  A shadow (D:11)
  8 wraiths
  A culicivora (shapeshifter) (D:15)
  4 fire bats (Volcano)
  2 vampires
  2 wyverns
  7 hogs (Lair:3)
  79 yaks
  A human (D:14)
  3 vampire mosquitoes (D:15)
  4 basilisks
  2 steam dragons
  A warg (Orc:1)
  39 nagas
  8 water moccasins
  A sky beast (D:7)
  41 orc warriors
  3 ice beasts
  3 black bears
  2 laughing skulls (D:13)
  8 ogres
  A wolf (shapeshifter) (D:14)
  38 wolves
  32 centaurs
  8 kobold brigands
  A brain worm (Sewer)
  9 bullfrogs
  3 scorpions (D:5)
  9 gnoll sergeants
  19 wights
  6 killer bees (D:7)
  An electric eel (Lair:2)
  5 howler monkeys
  3 lava snakes (Volcano)
  8 gnoll boudas
  7 hounds
  2 bombardier beetles
  Crazy Yiuf (D:7)
  13 orc priests
  Ijyb (D:4)
  A sleepcap (D:8)
  An iguana (D:5)
  26 orc wizards
  Robin (D:4)
  25 gnolls
  A river rat (Sewer)
  5 adders
  A white imp (D:6)
  4 ufetubi
  2 dart slugs
  5 ribbon worms
  82 orcs
  5 endoplasms
  5 giant cockroaches
  10 hobgoblins
  8 jackals
  15 kobolds
  7 quokkas
  10 ball pythons
  A ball python (shapeshifter) (D:15)
  8 bats
  3 frilled lizards
  18 goblins
  6 rats
954 creatures vanquished.

Vanquished Creatures (others)
  A salamander (Snake:4)
  A naga (Snake:4)
  A kobold (D:8)
3 creatures vanquished.

Grand Total: 957 creatures vanquished

Notes
Turn   | Place    | Note
-------+----------+-------------------------------------------
     0 | D:1      | jasper the Mountain Dwarf Fighter began the quest for the
                  | Orb.
     0 | D:1      | Reached XP level 1. HP: 19/19 MP: 1/1
   162 | D:1      | Reached skill level 3 in Axes
   244 | D:1      | Reached XP level 2. HP: 20/26 MP: 2/2
   491 | D:1      | Reached skill level 4 in Axes
   915 | D:2      | Reached XP level 3. HP: 31/31 MP: 3/3
  1317 | D:2      | Identified a scroll of acquirement
  1317 | D:2      | Acquired a +1 broad axe of flaming
  1344 | D:3      | Reached skill level 5 in Axes
  1384 | D:3      | Found a glowing drain.
  1411 | Sewer    | Entered a sewer
  1464 | Sewer    | Reached XP level 4. HP: 38/38 MP: 4/4
  1500 | Sewer    | Noticed a kobold brigand
  1516 | Sewer    | Killed a kobold brigand
  1517 | Sewer    | Reached skill level 6 in Axes
  1628 | Sewer    | Noticed a kobold brigand
  1643 | Sewer    | Killed a kobold brigand
  1644 | Sewer    | Reached skill level 7 in Axes
  1644 | Sewer    | Reached XP level 5. HP: 42/45 MP: 5/5
  1735 | Sewer    | Reached XP level 6. HP: 47/51 MP: 6/6
  2002 | Sewer    | Reached skill level 8 in Axes
  2213 | Sewer    | Reached skill level 9 in Axes
  2291 | D:3      | Reached XP level 7. HP: 57/57 MP: 7/7
  2520 | D:3      | Found an opulent altar of Gozag.
  2539 | D:3      | Became a worshipper of Gozag Ym Sagoz the Greedy
  2774 | D:3      | Found a white marble altar of Elyvilon.
  3673 | D:4      | Noticed Robin
  3674 | D:4      | Noticed Ijyb
  3678 | D:4      | Killed Ijyb
  3686 | D:4      | Killed Robin
  3728 | D:4      | Reached skill level 10 in Axes
  3851 | D:4      | You fall into a shaft and drop 1 floor!
  3851 | D:5      | Entered Level 5 of the Dungeon
  4410 | D:5      | Reached skill level 11 in Axes
  4414 | D:5      | Reached XP level 8. HP: 58/63 MP: 8/8
  4702 | D:5      | Reached skill level 12 in Axes
  4774 | D:5      | Found a runed translucent door.
  4780 | D:5      | Noticed Pooter's ghost (amateur MiFi)
  5017 | D:6      | Found a staircase to the Ecumenical Temple.
  5443 | D:6      | Reached skill level 13 in Axes
  5631 | D:6      | Reached XP level 9. HP: 72/72 MP: 9/9
  5807 | D:7      | Reached skill level 5 in Fighting
  5807 | D:7      | Reached skill level 5 in Armour
  5923 | D:7      | Reached skill level 14 in Axes
  6436 | D:7      | Found a runed translucent door.
  6437 | D:7      | Noticed Crazy Yiuf
  6510 | D:7      | Reached skill level 1 in Evocations
  6510 | D:7      | Reached XP level 10. HP: 84/84 MP: 10/10
  6582 | D:7      | Killed Crazy Yiuf
  6897 | D:8      | Found a flagged portal.
  6912 | Bailey   | Entered a bailey
  7115 | Bailey   | Reached skill level 5 in Evocations
  7557 | Bailey   | Reached skill level 15 in Axes
  8818 | D:9      | Noticed a boulder beetle
  8827 | D:9      | Killed a boulder beetle
  8892 | D:9      | Reached skill level 16 in Axes
  8892 | D:9      | Reached XP level 11. HP: 78/94 MP: 11/11
  9810 | D:10     | Entered Level 10 of the Dungeon
 10257 | D:10     | Found a stormy altar of Qazlal.
 10580 | D:10     | Found a faded altar of an unknown god.
 10580 | D:10     | Found a snail-covered altar of Cheibriados.
 10580 | D:10     | Noticed a two-headed ogre
 10586 | D:10     | Killed a two-headed ogre
 10590 | D:10     | Found a burning altar of Makhleb.
 10592 | D:10     | Found a faded altar of an unknown god.
 10594 | D:10     | Found a glowing golden altar of the Shining One.
 10704 | D:11     | Noticed a green ugly thing
 10712 | D:11     | Killed a green ugly thing
 11006 | D:11     | Reached skill level 17 in Axes
 11219 | D:11     | Noticed a skeletal warrior
 11243 | D:11     | Killed a skeletal warrior
 11261 | D:11     | Noticed a skeletal warrior
 11273 | D:11     | Noticed a skeletal warrior
 11291 | D:11     | Killed a skeletal warrior
 11297 | D:11     | Killed a skeletal warrior
 11470 | D:11     | Found a staircase to the Lair.
 11699 | D:11     | Noticed a centaur warrior
 11699 | D:11     | Noticed a centaur warrior
 11714 | D:11     | Killed a centaur warrior
 11715 | D:11     | Reached XP level 12. HP: 84/106 MP: 12/12
 11729 | D:11     | Reached skill level 18 in Axes
 11729 | D:11     | Noticed a centaur warrior
 11738 | D:11     | Killed a centaur warrior
 11739 | D:11     | Reached skill level 10 in Fighting
 11739 | D:11     | Reached skill level 10 in Armour
 11749 | D:11     | Killed a centaur warrior
 12476 | Lair:1   | Entered Level 1 of the Lair of Beasts
 13781 | Lair:2   | Noticed Nowup's ghost (journeyman GnSh)
 13782 | Lair:2   | Noticed a death yak
 13794 | Lair:2   | Found a runed translucent gate.
 13794 | Lair:2   | Found a runed translucent gate.
 13863 | Lair:2   | Found a runed translucent gate.
 13909 | Lair:2   | Reached XP level 13. HP: 97/119 MP: 13/13
 13913 | Lair:2   | You fall into a shaft and drop 2 floors!
 13995 | Lair:4   | Noticed Josephine
 14018 | Lair:4   | Killed Josephine
 14465 | Lair:3   | Noticed Kirke
 14487 | Lair:3   | Killed Kirke
 14490 | Lair:3   | Found a staircase to the Snake Pit.
 15275 | Lair:2   | Killed Nowup's ghost
 15689 | Lair:3   | Found a staircase to the Shoals.
 16232 | Lair:3   | Noticed Amaemon
 16258 | Lair:3   | Killed Amaemon
 16378 | Lair:3   | Noticed Gastronok
 16412 | Lair:3   | Killed Gastronok
 17819 | Lair:5   | Entered Level 5 of the Lair of Beasts
 17828 | Lair:5   | Reached XP level 14. HP: 133/133 MP: 14/14
 17949 | Lair:5   | Found a viscous altar of Jiyva.
 17949 | Lair:5   | Found a staircase to the Slime Pits.
 18033 | Lair:5   | Reached skill level 19 in Axes
 19065 | Lair:5   | Reached skill level 15 in Armour
 19066 | Lair:5   | Reached skill level 15 in Fighting
 19451 | Lair:5   | Identified the staff "Siloxog" {^Drain rElec Dex+3 Hexes
                  | Earth}
 19899 | D:12     | Reached skill level 20 in Axes
 19934 | D:12     | Found a runed translucent gate.
 19935 | D:12     | Found a runed translucent gate.
 19936 | D:12     | Found a runed translucent gate.
 20510 | D:12     | Found a staircase to the Orcish Mines.
 20703 | D:12     | Identified the +4 great sword of the Dragonfly {drain, rC++
                  | rN+ Str+2}
 20993 | Orc:1    | Entered Level 1 of the Orcish Mines
 21261 | Orc:1    | Found a roughly hewn altar of Beogh.
 21322 | Orc:2    | Entered Level 2 of the Orcish Mines
 21444 | Orc:2    | Reached skill level 21 in Axes
 21503 | Orc:2    | Reached XP level 15. HP: 74/140 MP: 15/15
 21833 | Orc:2    | Found Ytrur's Assorted Antiques.
 21837 | Orc:2    | Found a staircase to the Elven Halls.
 21841 | Orc:2    | Bought a potion of lignification for 114 gold pieces
 21841 | Orc:2    | Bought a potion of curing for 114 gold pieces
 21841 | Orc:2    | Bought a potion of heal wounds for 190 gold pieces
 21841 | Orc:2    | Bought a runed bone wand for 152 gold pieces
 21841 | Orc:2    | Bought a long brass wand for 152 gold pieces
 21852 | Orc:2    | Found a dark tunnel.
 21859 | Volcano  | Entered a volcano
 22050 | Volcano  | Found a radiant altar of Vehumet.
 22099 | Volcano  | Reached skill level 22 in Axes
 22342 | Orc:2    | Found Oxzupul's General Store.
 22342 | Orc:2    | Found Lekhal's Assorted Antiques.
 22344 | Orc:2    | Found Baloesk's Weapon Boutique.
 22346 | Orc:2    | Found Jopnicve's Jewellery Emporium.
 22350 | Orc:2    | Bought a potion of haste for 120 gold pieces
 22350 | Orc:2    | Bought a potion of curing for 36 gold pieces
 22351 | Orc:2    | Bought a potion of heal wounds for 185 gold pieces
 22351 | Orc:2    | Bought a wand of acid (6) for 932 gold pieces
 22489 | Orc:1    | Found a roughly hewn altar of Beogh.
 23096 | D:13     | Found the +3 warlock's mirror {omnireflect}
 23933 | D:14     | Reached skill level 23 in Axes
 24289 | D:14     | Found a gate to the Vaults.
 24665 | D:15     | Entered Level 15 of the Dungeon
 25016 | D:15     | Reached skill level 24 in Axes
 25067 | D:15     | Noticed Nessos
 25080 | D:15     | Killed Nessos
 25082 | D:15     | Reached skill level 1 in Dodging
 25721 | D:15     | Found a staircase to the Depths.
 25818 | D:15     | Reached XP level 16. HP: 107/149 MP: 16/16
 26131 | D:15     | Identified the +0 shortbow of Stickiness {flame, rElec
                  | Will+ Stlth+}
 26253 | Depths:1 | Entered Level 1 of the Depths
 26291 | Depths:1 | Bought a pair of spiked gloves for 199 gold pieces
 26291 | Depths:1 | Identified the +3 pair of gloves of Inevitability {Dex+3}
                  | (You bought it in a shop on level 1 of the Depths)
 26338 | Depths:1 | Bought a pair of glowing boots for 285 gold pieces
 26338 | Depths:1 | Bought a glowing helmet for 285 gold pieces
 26338 | Depths:1 | Bought a runed helmet for 285 gold pieces
 26362 | Depths:1 | Bought the ring of Errioc {rElec rF+ Str+6} for 684 gold
                  | pieces
 26366 | Depths:1 | Bought a brightly glowing plate armour for 980 gold pieces
 26366 | Depths:1 | Identified the +7 plate armour of Ukaes {Will+ Int+3} (You
                  | bought it in a shop on level 1 of the Depths)
 26603 | Snake:1  | Entered Level 1 of the Snake Pit
 27674 | Snake:1  | Found Gugog's Book Emporium.
 28275 | Snake:2  | Identified the +6 scale mail of Moud {rF- Str+5}
 28295 | Snake:2  | Found Kisoz's General Store.
 28307 | Snake:2  | Bought a potion of resistance for 170 gold pieces
 28307 | Snake:2  | Bought a potion of lignification for 51 gold pieces
 28307 | Snake:2  | Bought a wand of iceblast (1) for 40 gold pieces
 28307 | Snake:2  | Bought a wand of digging (8) for 571 gold pieces
 28701 | Snake:2  | Noticed Roxanne
 28709 | Snake:2  | Killed Roxanne
 29043 | Snake:3  | Found a transporter.
 29101 | Snake:3  | Reached skill level 5 in Dodging
 29505 | Snake:3  | Found a transporter.
 29538 | Snake:3  | HP: 6/154 [poisoned by a naga mage (bolt of poison)]
 29543 | Snake:3  | HP: 4/154 [poisoned by a naga mage (bolt of poison)]
 29863 | Snake:4  | Entered Level 4 of the Snake Pit
 29876 | Snake:4  | HP: 5/154 [naga warrior/+0 trident (21)]
 30317 | Snake:4  | Found Gokavueses's General Store.
 30323 | Snake:4  | Bought a scroll of enchant armour for 75 gold pieces
 30346 | Snake:4  | Reached XP level 17. HP: 151/161 MP: 17/17
 30456 | Snake:4  | Noticed Louise
 30473 | Snake:4  | Killed Louise
 31365 | Snake:4  | Noticed Vashnia
 31461 | Snake:4  | Killed Vashnia
 31541 | Snake:4  | Noticed Asterion
 31545 | Snake:4  | Killed Asterion
 31652 | Snake:4  | Slain by a naga warrior

Illustrated notes

Levels and vault maps discovered:
D:1:      tarquinn_simple_flora_water_d, layout_basic, amethyst_killhole
D:2:      layout_rooms, minmay_hexomino_p4
D:3:      layout_basic, grunt_gozag_statues, nicolae_overflow_crystal_walls,
          portal_sewer_entry_f, chequers_serial_rivers_marsh
D:4:      layout_loops_ring, nicolae_goblin_pals
D:5:      layout_basic, ebering_ghost_reflecting_pool
D:6:      layout_rooms, minmay_temple_entry_glass
D:7:      layout_gridville, st_stairs_6, dreamdust_gnoll_shepherd,
          uniq_crazy_yiuf_cottage
D:8:      layout_loops_ring, enter_bailey_5, minmay_crossroads
D:9:      layout_stronghold, nzn_sisyphean_effort
D:10:     layout_roguey, nicolae_qazlal_style_of_elements,
          chequers_temple_overflow_minitemple, grunt_decor_fettered
D:11:     layout_basic, hellmonk_lair_entry_icy, grunt_potential
D:12:     layout_roguey, kennysheep_orc_monster_closet_entryway,
          ploomutoo_gammafunk_ghost_potion_laboratory,
          nicolae_kite_square_tiling_tiny
D:13:     layout_basic
D:14:     layout_grid_maze, hellmonk_vaults_keyhole
D:15:     gammafunk_enter_depths_forms, layout_loops_cross,
          kennysheep_crisscross, minmay_hollow_rounded_squares, uniq_nessos
Lair:1:   layout_small_grid, serial_bayou_shore_b
Lair:2:   layout_gridlike, gammafunk_ghost_split, gauntlet_entry_generic,
          serial_bayou_shore_a, lemuel_fruit_tree
Lair:3:   layout_layer_cave, elwin_shoals_entry_rocks, dummy_snake_entry,
          st_stairs_6, uniq_kirke, uniq_gastronok, uniq_amaemon
Lair:4:   layout_regular_city, uniq_josephine
Lair:5:   grunt_lair_end_beastmaster, layout_layer_cave, slime_entry_1
Snake:1:  layout_layer_cave, serial_shops, nicolae_shop_tiny_glass,
          nicolae_snake_omega, grunt_megastairs_2
Snake:2:  layout_honeycomb, serial_shops, nicolae_shop_hallway_plus,
          uniq_roxanne
Snake:3:  gammafunk_sealed_arena, layout_rooms
Snake:4:  johnstein_snake_rune_scales, layout_basic, serial_shops, shop,
          grunt_megastairs_5, uniq_louise, uniq_aizul, uniq_asterion
Orc:1:    layout_diamond_mine, basic_altar, lightli_church_of_beogh
Orc:2:    st_orc_rangers, layout_caves, enter_volcano_1, serial_shops, shop
Depths:1: layout_honeycomb, chequers_serial_rivers_room_a, pf_coc_iceberg,
          abyss_entry, chequers_jeans, st_stairs_8, guppyfry_shop_blood,
          uniq_norris

Skill      XL: |  1  2  3  4  5  6  7  8  9 10 11 12 13 14 15 16 17 |
---------------+----------------------------------------------------+-----
Axes           | 3 4 5 7 9 11 13 14 16 17 18 21 24 | 24.0
Fighting       | 4 6 7 9 12 14 15 17 | 17.8
Armour         | 4 6 7 9 12 14 15 17 | 17.8
Evocations     | 1 5 |  5.0
Dodging        | 2 5 6 |  6.9
Shields        | |  3.2

Action                     |  1- 3 |  4- 6 |  7- 9 | 10-12 | 13-15 | 16-18 || total
---------------------------+-------+-------+-------+-------+-------+-------++-------
  Melee: War axe           |   107 |       |       |       |       |       ||   107
         Broad axe         |    24 |    88 |   274 |   510 |   169 |       ||  1065
         Executioner's axe |       |       |       |       |   709 |   519 ||  1228
  Throw: Stone             |     6 |     1 |    13 |       |       |       ||    20
         Boomerang         |       |       |    13 |    14 |       |       ||    27
         Dart              |       |       |       |    19 |    21 |     2 ||    42
 Invoke: Call Merchant     |       |       |       |       |       |     4 ||     4
  Evoke: Wand              |       |       |     3 |    14 |    13 |       ||    30
         Condenser vane    |       |       |       |       |       |     1 ||     1
    Use: Scroll            |     7 |     1 |     9 |    14 |     7 |     3 ||    41
         Potion            |       |       |     1 |       |     5 |     5 ||    11
   Stab: Paralysed         |       |       |     3 |     7 |       |       ||    10
         Distracted        |       |       |     1 |     2 |     6 |     3 ||    12
 Armour: Scale mail        |    76 |    56 |    60 |       |       |       ||   192
         Chain mail        |       |       |    97 |   109 |       |       ||   206
         Quicksilver drago |       |       |       |    67 |       |       ||    67
         Plate armour      |       |       |       |   195 |   926 |   550 ||  1671
  Dodge: Dodged            |    53 |    34 |    61 |   139 |   276 |   198 ||   761
  Block: Buckler           |    23 |    24 |    79 |   201 |    58 |       ||   385
         Reflection        |       |       |     4 |    10 |    12 |       ||    26
         Other             |       |       |       |       |   109 |       ||   109

Table legend: (Time is in decaauts)
 A = Elapsed time spent in this place.
 B = Non-inter-level travel time spent in this place.
 C = Inter-level travel time spent in this place.
 D = Time resting spent in this place.
 E = Time spent auto-exploring this place.
 F = Levels seen in this place.
 G = Mean time per level.
                   A        B        C        D        E       F      G
               +--------+--------+--------+--------+--------+-----+--------+
         Total |  31553 |  29996 |   1557 |   2453 |  21121 |  30 | 1051.8 |
       Dungeon |  15250 |  14179 |   1071 |   1258 |   9837 |  15 | 1016.7 |
          Lair |   7379 |   7037 |    342 |    274 |   5393 |   5 | 1475.8 |
     Snake Pit |   4928 |   4856 |     72 |    643 |   3314 |   4 | 1232.0 |
  Orcish Mines |   1536 |   1467 |     69 |      0 |   1142 |   2 |  768.0 |
        Depths |    125 |    123 |      2 |     38 |      0 |   1 |  125.0 |
         Sewer |   1044 |   1044 |      0 |     12 |    747 |   1 | 1044.0 |
        Bailey |    978 |    978 |      0 |    207 |    607 |   1 |  978.0 |
       Volcano |    311 |    311 |      0 |     20 |     79 |   1 |  311.0 |
               +--------+--------+--------+--------+--------+-----+--------+

Top non-repeatable levels by time:
  Lair:5: 1846 daAuts
    D:11: 1788 daAuts
  Lair:3: 1632 daAuts
 Snake:1: 1590 daAuts
    D:15: 1537 daAuts
  Lair:2: 1349 daAuts
 Snake:3: 1290 daAuts
  Lair:1: 1283 daAuts
  Lair:4: 1267 daAuts
     D:9: 1267 daAuts
 Snake:4: 1231 daAuts
     D:3: 1213 daAuts
    D:12: 1179 daAuts
    D:14: 1140 daAuts
   Sewer: 1044 daAuts
